 Dungeon Crawl Stone Soup version 0.27.1-33-g824d729ab1 (webtiles) character file.

Game seed: 2551149791609325475

2380 JamezByez the Spear-Bearer (level 9, -3/80 HPs)
             Began as a Minotaur Berserker on Dec 16, 2021.
             Was an Elder of Trog.
             Killed from afar by an electric eel (9 damage)
             ... with a bolt of electricity
             ... on level 7 of the Dungeon.
             The game lasted 00:16:25 (7961 turns).

JamezByez the Spear-Bearer (Minotaur Berserker)     Turns: 7961, Time: 00:16:25

Health: -3/80      AC: 15    Str: 24    XL:     9   Next: 22%
Magic:  8/8        EV:  6    Int:  4    God:    Trog [****..]
Gold:   428        SH: 10    Dex: 11    Spells: 8/8 levels left

rFire    . . .     SeeInvis .   v - +2 long sword (freeze)
rCold    + . .     Faith    .   q - +0 kite shield
rNeg     . . .     Spirit   .   s - +0 plate armour
rPois    .         Reflect  .   (helmet restricted)
rElec    .         Harm     .   (no cloak)
rCorr    .         Rampage  .   (no gloves)
Will     .....                  n - +1 pair of boots
Stlth    ..........             (no amulet)
HPRegen  0.23/turn              l - ring of protection from cold
MPRegen  0.11/turn              (no ring)

@: on berserk cooldown, slowed, very slow
A: horns 2, retaliatory headbutt
a: Renounce Religion, Berserk, Trog's Hand, Brothers in Arms


You were on level 7 of the Dungeon.
You worshipped Trog.
Trog was greatly pleased with you.
You visited 1 branch of the dungeon, and saw 7 of its levels.

You collected 428 gold pieces.

Inventory:

Hand Weapons
 a - a +0 falchion
 d - a +1 spear of venom
 f - a +2 dagger of electrocution
 v - a +2 long sword of freezing (weapon)
Armour
 b - a +0 animal skin
 h - a +0 chain mail
 n - a +1 pair of boots (worn)
 q - a +0 kite shield (worn)
 s - a +0 plate armour (worn)
Jewellery
 l - a ring of protection from cold (left hand)
Wands
 g - a wand of polymorph (14) (quivered)
 y - a wand of iceblast (9)
Scrolls
 o - a scroll of identify
 p - a scroll of blinking
 t - a scroll of noise {unknown}
 w - 2 scrolls of enchant weapon
 z - a scroll of fog {unknown}
 A - a scroll of teleportation {unknown}
Potions
 c - 3 potions of curing
 e - 2 potions of brilliance
 i - 2 potions of haste {unknown}
 j - 3 potions of might {unknown}
 k - 2 potions of resistance
 m - a potion of berserk rage {unknown}
 r - a potion of lignification {unknown}
 u - a potion of ambrosia {unknown}
 x - a potion of attraction {unknown}


   Skills:
 + Level 7.7 Fighting
 + Level 5.2 Long Blades
 + Level 8.0 Polearms
 + Level 7.3 Armour
 + Level 3.5 Dodging
 + Level 1.7 Stealth
 + Level 5.0 Shields
 + Level 0.1 Evocations


You had 8 spell levels left.
You didn't know any spells.
Your spell library was empty.

Dungeon Overview and Level Annotations

Branches:
Dungeon (7/15)             Temple (0/1) D:4

Altars:
Dithmenos
Uskayaw


Innate Abilities, Weirdness & Mutations

You have a pair of horns on your head.
You reflexively headbutt those who attack you in melee.


Message History

You destroy the water moccasin zombie!
Trog accepts your kill.
Your Shields skill increases to level 5!
Unknown command.
Unknown command.
Unknown command.
You feel a strong urge to attack something.
You are no longer berserk.
You are exhausted.
You feel yourself slow down.
The electric eel shoots out a bolt of lightning at you!
The bolt of electricity hits you!
The electric eel shoots out a bolt of lightning at you!
The bolt of electricity hits you but does no damage.
The electric eel shoots out a bolt of lightning at you!
The bolt of electricity hits you.
The electric eel shoots out a bolt of lightning at you!
The bolt of electricity hits you.
The electric eel shoots out a bolt of lightning at you!
The bolt of electricity hits you!
The electric eel shoots out a bolt of lightning at you!
The bolt of electricity hits you.
You miss the electric eel.
The electric eel shoots out a bolt of lightning at you!
The bolt of electricity hits you!
* * * LOW HITPOINT WARNING * * *
The electric eel shoots out a bolt of lightning at you!
The bolt of electricity hits you.
* * * LOW HITPOINT WARNING * * *
You closely miss the electric eel.
The electric eel shoots out a bolt of lightning at you!
The bolt of electricity hits you.
* * * LOW HITPOINT WARNING * * *
You closely miss the electric eel. Your headbutt misses the electric eel.
The electric eel shoots out a bolt of lightning at you!
The bolt of electricity hits you!
* * * LOW HITPOINT WARNING * * *
The electric eel shoots out a bolt of lightning at you!
The bolt of electricity hits you!
You die...

#.# ##### #.# ##
...# #.# ...
#?####.##.#
###.........##
#.....)........#
##....).......##
#........≈≈..#
##@......≈..≈.#
#;...≈≈..≈..≈≈≈#
#≈≈..≈..≈..≈..≈≈≈
#
#≈≈..≈..≈⌠.≈...≈
# #≈≈...≈.⌠≈..≈..
# #≈≈≈..≈..≈..≈..
##≈≈≈..≈..≈≈...
##.≈..≈.......
#..≈≈.....


You could see an electric eel.

Vanquished Creatures
  Menkaure (D:5)
  An ice beast (D:6)
  An orc warrior (D:6)
  A black bear (D:4)
  4 centaurs
  A phantom (D:7)
  A bullfrog (D:4)
  2 scorpions
  A water moccasin zombie (D:7)
  5 wights (D:6)
  2 centaur zombies
  2 jellies
  A bullfrog skeleton (D:4)
  2 hounds
  A gnoll shaman (D:6)
  3 orc priests
  5 iguanas
  Jessica (D:3)
  A scorpion zombie (D:5)
  Terence (D:3)
  4 orc wizards
  6 gnolls
  A river rat (D:6)
  7 adders
  A howler monkey skeleton (D:6)
  A white imp (D:6)
  A dart slug (D:1)
  15 orcs
  8 bats
  An endoplasm (D:3)
  3 giant cockroaches
  10 hobgoblins
  8 quokkas
  9 ball pythons
  A frilled lizard (D:2)
  8 goblins
  6 kobolds
  7 rats
134 creatures vanquished.

Notes
Turn   | Place    | Note
-------+----------+-------------------------------------------
     0 | D:1      | JamezByez the Minotaur Berserker began the quest for the
                  | Orb.
     0 | D:1      | Reached XP level 1. HP: 19/19 MP: 0/0
   196 | D:1      | Reached XP level 2. HP: 25/27 MP: 1/1
   681 | D:2      | Reached XP level 3. HP: 28/34 MP: 2/2
  1041 | D:2      | Reached ** piety under Trog
  1427 | D:2      | Reached XP level 4. HP: 41/41 MP: 3/3
  1639 | D:3      | Noticed Jessica
  1644 | D:3      | Killed Jessica
  1645 | D:3      | Reached skill level 5 in Fighting
  1700 | D:3      | Noticed Terence
  1708 | D:3      | Killed Terence
  1712 | D:3      | Reached XP level 5. HP: 48/48 MP: 4/4
  2265 | D:3      | Found a faded altar of an unknown god.
  2283 | D:3      | Reached skill level 1 in Polearms
  2804 | D:3      | Found a hide-covered altar of Uskayaw.
  3156 | D:4      | Reached skill level 1 in Stealth
  3160 | D:4      | Reached skill level 2 in Polearms
  3229 | D:4      | Reached *** piety under Trog
  3230 | D:4      | Reached XP level 6. HP: 54/57 MP: 5/5
  3400 | D:4      | Reached skill level 3 in Polearms
  3646 | D:4      | Found a staircase to the Ecumenical Temple.
  3726 | D:4      | Reached skill level 4 in Polearms
  3726 | D:4      | Reached XP level 7. HP: 44/63 MP: 6/6
  4402 | D:5      | Entered Level 5 of the Dungeon
  4601 | D:5      | Reached skill level 5 in Polearms
  4611 | D:5      | Reached skill level 5 in Armour
  5112 | D:5      | Noticed Menkaure
  5127 | D:5      | Killed Menkaure
  6053 | D:6      | Reached skill level 6 in Polearms
  6059 | D:6      | Reached XP level 8. HP: 60/71 MP: 7/7
  6460 | D:6      | Reached skill level 1 in Shields
  6508 | D:6      | Reached skill level 7 in Polearms
  6608 | D:6      | Found a shadowy altar of Dithmenos.
  7146 | D:6      | Reached XP level 9. HP: 33/70 MP: 8/8
  7944 | D:7      | Reached skill level 5 in Long Blades
  7944 | D:7      | Reached skill level 8 in Polearms
  7946 | D:7      | Reached **** piety under Trog
  7949 | D:7      | Reached skill level 5 in Shields
  7961 | D:7      | Killed from afar by an electric eel

Illustrated notes

Levels and vault maps discovered:
D:1:      evilmike_arrival_home_sweet_home, layout_basic
D:2:      layout_loops_cross, minmay_joined_circles
D:3:      layout_basic, nicolae_uskayaw_murder_on_the_dancefloor,
          dreamdust_ecumenical_altar_angels_and_demons,
          minmay_misc_feat_four_crosses, uniq_terence, uniq_jessica
D:4:      layout_rooms, temple_statues, serial_co_window_serial,
          co_window_paths_a, co_window_corner_a, co_window_of_opportunity_a,
          co_window_paths_a, co_window_paths_b, co_window_paths_a,
          co_window_paths_b, co_window_broadway_a, co_window_of_opportunity_c,
          co_window_broadway_b, co_window_corner_ca, co_window_4corner_a,
          co_window_paths_e, glass_columns_c, mrwooster_statue_mirror
D:5:      layout_gridville, uniq_menkaure
D:6:      layout_basic, minmay_ruined_shrine
D:7:      cheibrodos_helix_gallery, layout_loops_ring,
          grunt_temple_overflow_lords_of_destruction,
          mainiacjoe_overflow_alcove_2, enter_bailey_7, moated_statue,
          nrook_mini_backslash, uniq_joseph

Skill      XL: |  1  2  3  4  5  6  7  8  9 |
---------------+----------------------------+-----
Long Blades    | 4 5 |  5.2
Fighting       | 4 5 6 7 |  7.7
Armour         | 3 4 5 6 7 |  7.3
Polearms       | 2 4 6 7 8 |  8.0
Stealth        | 1 |  1.7
Dodging        | 3 |  3.5
Shields        | 4 5 |  5.0
Evocations     | |  0.1

Action                   |  1- 3 |  4- 6 |  7- 9 || total
-------------------------+-------+-------+-------++-------
Melee: Falchion          |    26 |       |       ||    26
       Headbutt          |    11 |    15 |    44 ||    70
       Spear             |    65 |    90 |   163 ||   318
       Long sword        |       |       |    47 ||    47
Invok: Berserk           |       |     5 |     5 ||    10
Evoke: Wand              |       |       |     1 ||     1
  Use: Scroll            |       |     5 |     4 ||     9
 Stab: Sleeping          |     1 |       |       ||     1
Armor: Animal skin       |     8 |       |       ||     8
       Chain mail        |    11 |    30 |    90 ||   131
       Plate armour      |       |       |    47 ||    47
Dodge: Dodged            |    45 |    24 |    67 ||   136
Block: Kite shield       |       |       |    92 ||    92
       Rpst.: Falchion   |     5 |       |       ||     5
       Long sword        |       |       |     4 ||     4
